AoeStats
← javi_fortinero_06

Arabia

509795027Analyzed
1v1 RM · 3d ago on Sep 28, 2026· 52m 24s· 2 players
Game mode
Random Map
Map size
Tiny (2 player)
Population
200
Speed
Normal
Resources
Standard
Victory
Conquest
Starting age
Dark Age
Ending age
Imperial Age
RankedLock teamsTeams togetherTeam positionsShared explorationLock speedFull tech treeHidden civsTurbo modeCheats
Victory
Defeat
🇦🇷 Aztecs · Argentina
1219
+17
🇦🇷 Varangians · Argentina
1246
-17
javi_fortinero_06
6:37 Loom
9:45 Feudal Age
10:42 Double-Bit Axe
15:38 Fletching
19:27 Padded Archer Armor
23:19 Castle Age
23:15 Forging
23:25 Crossbowman
23:28 Man-at-Arms
24:07 Bodkin Arrow
24:58 Leather Archer Armor
24:50 Gold Mining
24:30 Pikeman
26:02 Ballistics
29:12 Iron Casting
32:40 Town Watch
35:08 Horse Collar
40:27 Imperial Age
38:35 Wheelbarrow
41:43 Bracer
41:10 Arbalester
43:48 Chemistry
45:12 Conscription
47:47 Blast Furnace
47:28 Elite Skirmisher
48:33 Bow Saw
48:34 Heavy Plow
48:51 Hand Cart
50:02 Scale Mail Armor
50:44 Eagle Warrior
52:01 Arson
52:17 Squires
DBZ/Melkor
6:04 Loom
9:02 Feudal Age
9:52 Double-Bit Axe
12:59 Bloodlines
17:21 Scale Barding Armor
22:01 Castle Age
20:54 Fletching
21:37 Forging
23:06 Chain Barding Armor
23:24 Light Cavalry
25:47 Gold Mining
28:59 Wheelbarrow
28:58 Husbandry
32:44 Vendel Legacy
35:06 Horse Collar
38:42 Town Watch
40:33 Iron Casting
40:51 Stone Mining
42:39 Heavy Plow
48:22 Imperial Age
48:27 Cavalier
49:46 Plate Barding Armor
50:24 Conscription
51:32 Blast Furnace
Connection lost

Rejoining the realm…

Still unreachable

The connection could not be restored.

Session expired

The server has moved on; the page needs a fresh start.